 Dungeon Crawl Stone Soup version 0.27.1-4-g1640c2035a (webtiles) character file.

Game seed: 10937789124686979049

517 adizb the Sneak (level 7, -1/46 HPs)
             Began as an Octopode Brigand on Nov 13, 2021.
             Slain by an ice beast (7 damage)
             ... on level 5 of the Dungeon.
             The game lasted 00:36:35 (3785 turns).

adizb the Sneak (Octopode Brigand)                  Turns: 3785, Time: 00:36:35

Health: -1/46      AC:  1    Str: 10    XL:     7   Next: 20%
Magic:  7/7        EV: 14    Int: 13    God:
Gold:   194        SH:  0    Dex: 16    Spells: 6/6 levels left

rFire    . . .     SeeInvis .   a - +2 dagger
rCold    . . .     Faith    .   (no shield)
rNeg     . . .     Spirit   .   (helmet restricted)
rPois    .         Reflect  .   h - amulet of regeneration
rElec    .         Harm     .   (no ring)
rCorr    .         Rampage  .   (no ring)
Will     .....                  (no ring)
Stlth    +++++.....             (no ring)
HPRegen  1.15/turn              (no ring)
MPRegen  0.10/turn              (no ring)
                                (no ring)
                                (no ring)

@: brilliant
A: almost no armour, amphibious, 8 rings, camouflage 1, gelatinous body 1,
(nimble swimmer 1), tentacles
a: no special abilities


You were on level 5 of the Dungeon.
You visited 1 branch of the dungeon, and saw 5 of its levels.

You collected 214 gold pieces.
You spent 20 gold pieces at shops.

Inventory:

Hand Weapons
 a - a +2 dagger (weapon)
Missiles
 l - a curare-tipped dart (quivered)
Jewellery
 h - an amulet of regeneration (around mantle)
 i - an amulet of magic regeneration
Scrolls
 b - a scroll of enchant armour
 d - a scroll of teleportation {unknown}
 e - a scroll of acquirement
 f - a scroll of silence {unknown}
 m - a scroll of magic mapping {unknown}
 n - a scroll of noise
 o - a scroll of amnesia {unknown}
 p - a scroll of enchant weapon {unknown}
Potions
 j - a potion of invisibility
 k - 2 potions of ambrosia


   Skills:
 + Level 3.1 Fighting
 + Level 3.1 Short Blades
 + Level 3.0 Throwing
 * Level 3.5 Dodging
 * Level 7.6 Stealth
 + Level 1.6 Unarmed Combat
 + Level 2.4 Poison Magic


You had 6 spell levels left.
You didn't know any spells.
Your spell library contained the following spells:

 Spells                   Type           Power      Damage    Failure   Level
 Magic Dart               Conj           0%         1d3       30%         1
 Corpse Rot               Necr/Air       N/A        N/A       43%         2
 Passwall                 Tmut/Erth      0%         N/A       43%         2
 Searing Ray              Conj           0%         3d3       43%         2
 Swiftness                Air            0%         N/A       67%         3
 Dispel Undead            Necr           0%         3d6       97%         4
 Fulminant Prism          Conj/Hex       0%         3d6       97%         4
 Death Channel            Necr           0%         N/A       100%        6
 Invisibility             Hex            0%         N/A       100%        6


Dungeon Overview and Level Annotations

Branches:
Dungeon (5/15)
 Temple: D:4-7

Altars:

Shops:
D:3 ?==(   D:4 =[(![   D:5 (


Innate Abilities, Weirdness & Mutations

You cannot wear most types of armour.
You are amphibious.
You can wear up to eight rings at the same time.
Your skin changes colour to match your surroundings (Stealth+).
Your rubbery body absorbs attacks. (AC +1, EV +1)
((You are camouflaged near water. (Stealth+)))
You have tentacles for arms and can constrict up to eight enemies at once.


Message History

The ice beast hits you. The ice beast freezes you!
* * * LOW HITPOINT WARNING * * *
You hit the ice beast but do no damage.
The ice beast is heavily wounded.
The ice beast misses you.
You barely miss the ice beast.
The ice beast is heavily wounded.
You hit the ice beast.
The ice beast is heavily wounded.
The ice beast closely misses you.
You hit the ice beast. You squeeze the ice beast.
The ice beast is severely wounded.
The ice beast hits you but does no damage.
You hit the ice beast but do no damage. You squeeze the ice beast.
The ice beast is severely wounded.
The ice beast hits you. The ice beast freezes you!
* * * LOW HITPOINT WARNING * * *
You are confused.
You feel invigorated.
The ice beast hits you but does no damage.
You bump into the rock wall.
The ice beast closely misses you.
You bump into the rock wall.
The ice beast hits you. The ice beast freezes you!
* * * LOW HITPOINT WARNING * * *
You hit the ice beast. Your squeeze misses the ice beast.
The ice beast is severely wounded.
The ice beast hits you.
* * * LOW HITPOINT WARNING * * *
The ice beast freezes you.
* * * LOW HITPOINT WARNING * * *
You are too confused!
It was a potion of brilliance.
You feel clever all of a sudden. The ice beast closely misses you.
You are too injured to fight recklessly!
You feel less invigorated.
You feel less confused. The ice beast hits you.
* * * LOW HITPOINT WARNING * * *
The ice beast freezes you!
You die...

### #.. #.# #( #.# ...
#.# (.# #.# .. .##.#
######.##.##.# ..#.#
#.....Y(....(#
....#######.#.##@#######
..# #....>)...##.# ..#
#.#####.####..
..###.#####.####.>.
......>#............
.........##.##.......
.......####.# ##.....
..#.#........ ......
..#.######.#..


You could see an ice beast.

Vanquished Creatures
  Duvessa (D:4)
  2 scorpions (D:4)
  Dowan (D:4)
  2 vampire bats (D:4)
  A hound (D:4)
  A hound skeleton (D:5)
  A gnoll (D:1)
  4 adders
  5 dart slugs
  4 orcs
  13 ball pythons
  13 bats
  6 endoplasms
  A giant cockroach (D:2)
  4 goblins
  7 hobgoblins
  5 kobolds
  4 quokkas
  3 frilled lizards
  7 rats
85 creatures vanquished.

Notes
Turn   | Place    | Note
-------+----------+-------------------------------------------
     0 | D:1      | adizb the Octopode Brigand began the quest for the Orb.
     0 | D:1      | Reached XP level 1. HP: 14/14 MP: 1/1
   105 | D:1      | Reached XP level 2. HP: 19/19 MP: 2/2
   196 | D:1      | Reached XP level 3. HP: 2/24 MP: 3/3
   280 | D:1      | You fall into a shaft and drop 1 floor!
   574 | D:1      | Reached skill level 6 in Stealth
   888 | D:1      | Reached XP level 4. HP: 30/30 MP: 4/4
   900 | D:1      | Reached skill level 1 in Poison Magic
  1310 | D:2      | Found a faded altar of an unknown god.
  1788 | D:3      | Identified a scroll of acquirement
  1847 | D:3      | You fall into a shaft and drop 1 floor!
  1960 | D:4      | Found Yphiycuifu's Armour Boutique.
  1998 | D:4      | Found Vuistupn's Distillery.
  1999 | D:4      | Found Tuegae's Antique Weapon Shoppe.
  2011 | D:3      | Found Uvosoz's Jewellery Shoppe.
  2011 | D:3      | Found Itieh's Jewellery Shop.
  2057 | D:3      | Found Asieghem's Antique Weapon Shop.
  2101 | D:3      | Reached XP level 5. HP: 35/35 MP: 5/5
  2113 | D:3      | Found Jaoguyseobb's Magic Scroll Shoppe.
  2126 | D:3      | Bought a scroll of identify for 20 gold pieces
  2560 | D:4      | Reached XP level 6. HP: 41/41 MP: 6/6
  2640 | D:4      | Noticed Dowan
  2648 | D:4      | Noticed Duvessa
  2653 | D:4      | Killed Dowan
  2654 | D:4      | Reached skill level 7 in Stealth
  2654 | D:4      | Reached skill level 1 in Unarmed Combat
  2703 | D:4      | Found Eptev's Jewellery Shop.
  3132 | D:4      | Found Semnaor's Antique Armour Shoppe.
  3201 | D:4      | Killed Duvessa
  3416 | D:4      | Reached XP level 7. HP: 46/46 MP: 7/7
  3681 | D:5      | Entered Level 5 of the Dungeon
  3681 | D:5      | Found Washrem's Antique Weapon Shoppe.
  3783 | D:5      | HP: 1/46 [ice beast (6)]
  3785 | D:5      | Slain by an ice beast

Illustrated notes

Levels and vault maps discovered:
D:1:      minmay_arrival_loop, layout_basic
D:2:      layout_loops_corners, shapermc_ecumenical_altar_totnotflames
D:3:      layout_rooms, serial_shops, nicolae_shop_crystal, shop,
          shop_fountains, shop, kennysheep_generic_room_11
D:4:      layout_basic, serial_shops, nicolae_shop_crystal,
          nicolae_shop_statue_plus, shop,
          nicolae_shop_temple_entry_statues_fountains, shop, roderic_batcave,
          uniq_duvessa
D:5:      layout_loops_cross, serial_shops, nicolae_shop_statue_plus,
          nicolae_diamond_shop

Skill      XL: |  1  2  3  4  5  6 |
---------------+-------------------+-----
Stealth        | 6 7 |  7.6
Dodging        | 2 3 |  3.5
Poison Magic   | 1 2 |  2.4
Unarmed Combat | 1 |  1.6
Fighting       | 3 |  3.1
Short Blades   | 3 |  3.1
Throwing       | 3 |  3.0

Action                   |  1- 3 |  4- 6 |  7- 9 || total
-------------------------+-------+-------+-------++-------
Melee: Dagger            |    45 |   115 |    28 ||   188
       Constrict         |    12 |    16 |     3 ||    31
       Tentacles         |     7 |    10 |     5 ||    22
       Punch             |       |     1 |       ||     1
Throw: Dart              |    21 |    29 |     6 ||    56
  Use: Scroll            |     2 |     3 |     1 ||     6
       Potion            |       |     3 |     2 ||     5
 Stab: Sleeping          |     8 |    14 |     5 ||    27
Armor: Skin              |       |    30 |     4 ||    34
Dodge: Dodged            |    22 |    49 |    16 ||    87
